Map: Hardwire LE

Players

trigger - Winner!

  • Race: Protoss Protoss
  • League: Grandmaster

MaxPax

  • Race: Protoss Protoss

VOD

Have the link to the VOD?

Description

Time

  • Played on: Feb. 13, 2022, 5:53 p.m.
  • Length: 4:05
Show
View Real Time Build Order
Export as new Build Order

trigger Protoss - Winner!

Build Orders: Proxy Void Ray 

Get SALT Encoding   

  12  0:00  Probe  
  13  0:12  Probe  
  14  0:19  Pylon  
  14  0:24  Probe  
  15  0:37  Probe (Chrono Boost)  
  15  0:39  Gateway  
  16  0:46  Probe (Chrono Boost)  
  16  0:47  Assimilator  
  17  0:51  Probe (Chrono Boost)  
  18  1:04  Probe (Chrono Boost)  
  19  1:05  Assimilator  
  19  1:07  Pylon  
  19  1:12  Probe (Chrono Boost)  
  19  1:18  Probe  
  21  1:27  Cybernetics Core  
  21  1:28  Zealot  
  21  1:30  Probe  
  24  1:44  Pylon, Probe  
  25  1:55  Zealot (Chrono Boost)  
  27  2:04  Stargate  
  27  2:06  Shield Battery  
  27  2:15  Shield Battery  
  27  2:19  Shield Battery  
  27  2:20  Adept (Chrono Boost)  
  29  2:36  Shield Battery  
  29  2:42  Void Ray (Chrono Boost)  
  31  2:53  Shield Battery  
  31  2:57  Shield Battery  
  31  3:09  Pylon  
  31  3:17  Void Ray (Chrono Boost)  
  35  3:28  Shield Battery  
  35  3:32  Shield Battery  
Show
View Real Time Build Order
Export as new Build Order

MaxPax Protoss 

Build Orders: 1 Gate Expand 

Get SALT Encoding   

  12  0:00  Probe  
  13  0:12  Probe  
  14  0:19  Pylon  
  14  0:25  Probe (Chrono Boost)  
  15  0:37  Probe (Chrono Boost)  
  15  0:38  Gateway  
  16  0:44  Probe  
  16  0:47  Assimilator  
  17  0:56  Probe  
  18  1:08  Probe  
  19  1:21  Probe  
  20  1:26  Nexus  
  20  1:36  Cybernetics Core  
  20  1:43  Pylon  
  20  1:47  Zealot (Chrono Boost)  
  20  1:52  Probe  
  23  2:04  Probe  
  23  2:07  Pylon  
  24  2:09  Stalker (Chrono Boost)  
  26  2:16  Probe  
  26  2:19  Warp Gate  
  27  2:25  Shield Battery  
  27  2:32  Stalker (Chrono Boost)  
  29  2:37  Probe  
  29  2:43  Probe  
  31  2:49  Shield Battery  
  29  2:52  Shield Battery  
  29  2:59  Stalker (Chrono Boost)  
  29  3:03  Shield Battery  
  31  3:09  Shield Battery  
  31  3:16  Shield Battery  
  30  3:22  Gateway  
  28  3:36  Stalker (Chrono Boost)  
  28  3:39  Shield Battery  
  30  3:42  Shield Battery  
  30  3:49  Shield Battery  
Tags
 
Add a new tag
Caveats
  • Supply blocks, unpowered buildings, or Contaminate may cause inaccurate times.
  • Supply counts are checked every 10 seconds.